TOP OF THE 1ST |
Sylvania Maple Leaves batting - Pitching for Balboa Buccaneers : LHP Bill Howard
|
Pitching: LHP Bill Howard
|
|
Batting: RHB Kenny Norton
|
0-0: Called Strike 0-1: Foul Ball, location: 2F 0-2: Ball 1-2: SINGLE (Flyball, 8RS)
|
Batting: SHB Curt Bryant
|
0-0: Called Strike 0-1: Called Strike 0-2: Ball 1-2: Grounds into double play, 6-4-3 (Groundball, 6)
|
Batting: RHB Nick McKnight
|
0-0: SINGLE (Line Drive, 4M)
|
Batting: RHB Bernardo Márquez
|
0-0: Called Strike 0-1: Called Strike 0-2: Ball 1-2: Hit by Pitch Nick McKnight to second
|
Batting: RHB Vernon Caw
|
0-0: Called Strike 0-1: Fly out, F8 (Flyball, 89S)
|
Top of the 1st over - 0 run(s), 2 hit(s), 0 error(s), 2 left on base; Sylvania 0 - Balboa 0 |
BOTTOM OF THE 1ST |
Balboa Buccaneers batting - Pitching for Sylvania Maple Leaves : RHP Dave Conley
|
Pitching: RHP Dave Conley
|
|
Batting: SHB Theodore Buck
|
0-0: Ball 1-0: Ground out 4-3 (Groundball, 4)
|
Batting: RHB Matt Nelson
|
0-0: Ball 1-0: Called Strike 1-1: Ball 2-1: Called Strike 2-2: Strikes out looking
|
Batting: RHB César Garza
|
0-0: Ball 1-0: Swinging Strike 1-1: Ground out 6-3 (Groundball, 6)
|
Bottom of the 1st over - 0 run(s), 0 hit(s), 0 error(s), 0 left on base; Sylvania 0 - Balboa 0 |
TOP OF THE 2ND |
Sylvania Maple Leaves batting - Pitching for Balboa Buccaneers : LHP Bill Howard
|
Batting: RHB Melvin Baldwin
|
0-0: Called Strike 0-1: Ball 1-1: Ground out 6-3 (Groundball, 6)
|
Batting: RHB Jim Unknown
|
0-0: Foul Ball, location: 2F 0-1: Called Strike 0-2: Ball 1-2: Foul Ball, location: 2F 1-2: Strikes out swinging
|
Batting: RHB Fernando Díaz
|
0-0: Ball 1-0: Foul Ball, location: 2F 1-1: Called Strike 1-2: Ball 2-2: Ball 3-2: Base on Balls
|
Batting: RHB José Valdéz
|
0-0: Fielders Choice at 2nd, 6-4 (Groundball, 6)
|
Top of the 2nd over - 0 run(s), 0 hit(s), 0 error(s), 0 left on base; Sylvania 0 - Balboa 0 |
BOTTOM OF THE 2ND |
Balboa Buccaneers batting - Pitching for Sylvania Maple Leaves : RHP Dave Conley
|
Batting: LHB Bellchyor Lebrim
|
0-0: SINGLE (Line Drive, 7LS)
|
Batting: RHB Jeff Bass
|
0-0: Ball 1-0: SINGLE (Groundball, 56D) Bellchyor Lebrim to second
|
Batting: RHB Derek Schroeder
|
0-0: Ball 1-0: Swinging Strike 1-1: Ball 2-1: Swinging Strike 2-2: Ball 3-2: Grounds into double play, 6-4-3 (Groundball, 6M) Bellchyor Lebrim to third
|
Batting: LHB Anthony Trigg
|
0-0: Swinging Strike 0-1: Ball 1-1: Swinging Strike 1-2: Ball 2-2: Foul Ball, location: 2F 2-2: Fly out, F9 (Flyball, 9LM)
|
Bottom of the 2nd over - 0 run(s), 2 hit(s), 0 error(s), 1 left on base; Sylvania 0 - Balboa 0 |
TOP OF THE 3RD |
Sylvania Maple Leaves batting - Pitching for Balboa Buccaneers : LHP Bill Howard
|
Batting: RHB Kenny Norton
|
0-0: Ball 1-0: Ground out 4-3 (Groundball, 4)
|
Batting: SHB Curt Bryant
|
0-0: Ball 1-0: Foul Ball, location: 2F 1-1: Fly out, F7 (Flyball, 78M)
|
Batting: RHB Nick McKnight
|
0-0: Ball 1-0: Ball 2-0: Foul Ball, location: 2F 2-1: Ball 3-1: Swinging Strike 3-2: Base on Balls
|
Batting: RHB Bernardo Márquez
|
0-0: Foul Ball, location: 2F 0-1: Foul Ball, location: 2F 0-2: DOUBLE (Flyball, 8RM) Nick McKnight to third
|
Batting: RHB Vernon Caw
|
0-0: Called Strike 0-1: Swinging Strike 0-2: Ball 1-2: Ball 2-2: Foul Ball, location: 2F 2-2: Strikes out looking
|
Top of the 3rd over - 0 run(s), 1 hit(s), 0 error(s), 2 left on base; Sylvania 0 - Balboa 0 |
BOTTOM OF THE 3RD |
Balboa Buccaneers batting - Pitching for Sylvania Maple Leaves : RHP Dave Conley
|
Batting: RHB Louie McNeil
|
0-0: Ball 1-0: Ball 2-0: SINGLE (Flyball, 34D)
|
Batting: SHB Chris Cordell
|
0-0: DOUBLE (Line Drive, 9LS) Louie McNeil to third
|
Batting: SHB Theodore Buck
|
0-0: Called Strike 0-1: SINGLE (Groundball, 34D) Louie McNeil scores Chris Cordell to third
|
Batting: RHB Matt Nelson
|
0-0: Foul Ball, location: 2F 0-1: Ball 1-1: Ground out U3 (Groundball, 3S) Chris Cordell scores Theodore Buck to second
|
Batting: RHB César Garza
|
0-0: SINGLE (Line Drive, 34D) Theodore Buck to third
|
Batting: LHB Bellchyor Lebrim
|
0-0: Ball Wild Pitch! Theodore Buck scores César Garza to second 1-0: Foul Ball, location: 2F 1-1: Ball 2-1: Ball 3-1: Base on Balls
|
Batting: RHB Jeff Bass
|
0-0: Called Strike 0-1: Fielders Choice at 2nd, 6-4 (Groundball, 6) César Garza to third
|
Batting: RHB Derek Schroeder
|
0-0: Ball 1-0: Called Strike 1-1: Ground out 6-3 (Groundball, 6)
|
Bottom of the 3rd over - 3 run(s), 4 hit(s), 0 error(s), 2 left on base; Sylvania 0 - Balboa 3 |
TOP OF THE 4TH |
Sylvania Maple Leaves batting - Pitching for Balboa Buccaneers : LHP Bill Howard
|
Batting: RHB Melvin Baldwin
|
0-0: Ball 1-0: Ground out 6-3 (Groundball, 6)
|
Batting: RHB Jim Unknown
|
0-0: Hit by Pitch
|
Batting: RHB Fernando Díaz
|
0-0: Swinging Strike 0-1: Fly out, F8 (Flyball, 8RM)
|
Batting: RHB José Valdéz
|
0-0: Called Strike 0-1: Called Strike 0-2: Ball 1-2: Ball 2-2: SINGLE (Line Drive, 89S) Jim Unknown to second
|
Batting: RHB Kenny Norton
|
0-0: Ground out 5-3 (Groundball, 5S)
|
Top of the 4th over - 0 run(s), 1 hit(s), 0 error(s), 2 left on base; Sylvania 0 - Balboa 3 |
BOTTOM OF THE 4TH |
Balboa Buccaneers batting - Pitching for Sylvania Maple Leaves : RHP Dave Conley
|
Batting: LHB Anthony Trigg
|
0-0: Swinging Strike 0-1: Foul Ball, location: 2F 0-2: Strikes out swinging
|
Batting: RHB Louie McNeil
|
0-0: Ball 1-0: Ball 2-0: Called Strike 2-1: Ball 3-1: Ground out 6-3 (Groundball, 6M)
|
Batting: SHB Chris Cordell
|
0-0: Ball 1-0: Ball 2-0: Ball 3-0: Called Strike 3-1: Foul Ball, location: 2F 3-2: Ground out 1-3 (Groundball, 13S)
|
Bottom of the 4th over - 0 run(s), 0 hit(s), 0 error(s), 0 left on base; Sylvania 0 - Balboa 3 |
TOP OF THE 5TH |
Sylvania Maple Leaves batting - Pitching for Balboa Buccaneers : LHP Bill Howard
|
Batting: SHB Curt Bryant
|
0-0: Called Strike 0-1: Fly out, F3 (Popup, 3DF)
|
Batting: RHB Nick McKnight
|
0-0: Ball 1-0: Called Strike 1-1: Ground out 4-3 (Groundball, 4)
|
Batting: RHB Bernardo Márquez
|
0-0: Swinging Strike 0-1: Called Strike 0-2: SINGLE (Line Drive, 89S)
|
Batting: RHB Vernon Caw
|
0-0: Ball 1-0: Fly out, F8 (Flyball, 89M)
|
Top of the 5th over - 0 run(s), 1 hit(s), 0 error(s), 1 left on base; Sylvania 0 - Balboa 3 |
BOTTOM OF THE 5TH |
Balboa Buccaneers batting - Pitching for Sylvania Maple Leaves : RHP Dave Conley
|
Batting: SHB Theodore Buck
|
0-0: SINGLE (Line Drive, 4MD)
|
Batting: RHB Matt Nelson
|
0-0: Ball 1-0: Bunted foul 1-1: Ball 2-1: Sac Bunt - play at first, batter OUT! 1-4 Theodore Buck to second
|
Batting: RHB César Garza
|
0-0: Fly out, F5 (Line Drive, 5)
|
Batting: LHB Bellchyor Lebrim
|
0-0: Called Strike 0-1: Ball 1-1: Foul Ball, location: 2F 1-2: Strikes out swinging
|
Bottom of the 5th over - 0 run(s), 1 hit(s), 0 error(s), 1 left on base; Sylvania 0 - Balboa 3 |
TOP OF THE 6TH |
Sylvania Maple Leaves batting - Pitching for Balboa Buccaneers : LHP Bill Howard
|
Batting: RHB Melvin Baldwin
|
0-0: Called Strike 0-1: Fly out, F8 (Flyball, 8LXD)
|
Batting: RHB Jim Unknown
|
0-0: Foul Ball, location: 2F 0-1: Ball 1-1: Swinging Strike 1-2: SINGLE (Groundball, 6M)
|
Batting: RHB Fernando Díaz
|
0-0: Ball 1-0: Ball 2-0: Fly out, F9 (Flyball, 9M)
|
Batting: RHB José Valdéz
|
0-0: Ball 1-0: Ball 2-0: Called Strike 2-1: Ball 3-1: Reached on error, E5 (Groundball, 5S) Jim Unknown to second
|
Batting: RHB Kenny Norton
|
0-0: Ball 1-0: Ball 2-0: SINGLE (Line Drive, 4D) Jim Unknown to third José Valdéz to second
|
Batting: SHB Curt Bryant
|
0-0: Ground out 5-3 (Groundball, 56)
|
Top of the 6th over - 0 run(s), 2 hit(s), 1 error(s), 3 left on base; Sylvania 0 - Balboa 3 |
BOTTOM OF THE 6TH |
Balboa Buccaneers batting - Pitching for Sylvania Maple Leaves : RHP Dave Conley
|
Batting: RHB Jeff Bass
|
0-0: Ball 1-0: Foul Ball, location: 2F 1-1: Ball 2-1: Ground out 6-3 (Groundball, 6)
|
Batting: RHB Derek Schroeder
|
0-0: SINGLE (Flyball, 78S)
|
Batting: LHB Anthony Trigg
|
0-0: Ball 1-0: Swinging Strike 1-1: SINGLE (Groundball, 2R) (infield hit) Derek Schroeder to second
|
Batting: RHB Louie McNeil
|
0-0: Ball 1-0: Called Strike Derek Schroeder steals 3rd base Anthony Trigg to second 1-1: Ball 2-1: Foul Ball, location: 2F 2-2: Ball Wild Pitch! Derek Schroeder scores Anthony Trigg to third 3-2: SINGLE (Groundball, 4MD) Anthony Trigg scores
|
Pitching: RHP Paul Nance
|
|
Batting: SHB Chris Cordell
|
0-0: Ball 1-0: Ball 2-0: Called Strike 2-1: Ball 3-1: Base on Balls Louie McNeil to second
|
Batting: SHB Theodore Buck
|
0-0: Foul Ball, location: 2F 0-1: Swinging Strike 0-2: Ball 1-2: Fielders Choice at 2nd, 4-6 (Groundball, 34) Louie McNeil to third
|
Now at SS: Jim Unknown
|
|
Batting: RHB Matt Nelson
|
0-0: Called Strike 0-1: Ground out 4-3 (Groundball, 4)
|
Bottom of the 6th over - 2 run(s), 3 hit(s), 0 error(s), 2 left on base; Sylvania 0 - Balboa 5 |
TOP OF THE 7TH |
Sylvania Maple Leaves batting - Pitching for Balboa Buccaneers : LHP Bill Howard
|
Batting: RHB Nick McKnight
|
0-0: Ball 1-0: Fly out, F7 (Line Drive, 7S)
|
Batting: RHB Bernardo Márquez
|
0-0: Ball 1-0: Ball 2-0: Ball 3-0: Base on Balls
|
Batting: RHB Vernon Caw
|
0-0: Swinging Strike 0-1: Called Strike 0-2: Ball 1-2: Ball 2-2: Ball 3-2: Strikes out swinging
|
Batting: RHB Melvin Baldwin
|
0-0: Ball Bernardo Márquez is caught stealing 2nd base
|
Top of the 7th over - 0 run(s), 0 hit(s), 0 error(s), 0 left on base; Sylvania 0 - Balboa 5 |
BOTTOM OF THE 7TH |
Balboa Buccaneers batting - Pitching for Sylvania Maple Leaves : RHP Paul Nance
|
Batting: RHB César Garza
|
0-0: Ball 1-0: Called Strike 1-1: Foul Ball, location: 2F 1-2: SINGLE (Groundball, 5)
|
Batting: LHB Bellchyor Lebrim
|
0-0: Swinging Strike 0-1: Foul Ball, location: 2F 0-2: Ball 1-2: Strikes out swinging
|
Batting: RHB Jeff Bass
|
0-0: Swinging Strike 0-1: Ball 1-1: Called Strike 1-2: Foul Ball, location: 2F 1-2: Ball 2-2: Foul Ball, location: 2F 2-2: Strikes out looking
|
Batting: RHB Derek Schroeder
|
0-0: Ball 1-0: Called Strike 1-1: Ball 2-1: Foul Ball, location: 2F 2-2: Ground out 4-3 (Groundball, 4)
|
Bottom of the 7th over - 0 run(s), 1 hit(s), 0 error(s), 1 left on base; Sylvania 0 - Balboa 5 |
TOP OF THE 8TH |
Sylvania Maple Leaves batting - Pitching for Balboa Buccaneers : LHP Bill Howard
|
Batting: RHB Melvin Baldwin
|
0-0: Called Strike 0-1: Ball 1-1: Ground out 6-3 (Groundball, 6)
|
Batting: RHB Jim Unknown
|
0-0: Ball 1-0: Ball 2-0: Called Strike 2-1: Ball 3-1: Ground out 6-3 (Groundball, 6M)
|
Batting: RHB Jim Unknown
|
0-0: Ball 1-0: Ball 2-0: Called Strike 2-1: SINGLE (Line Drive, 6M)
|
Pitching: RHP Gunner Hanna
|
|
Batting: RHB José Valdéz
|
0-0: Ball 1-0: Ball 2-0: Fly out, F7 (Flyball, 7LM)
|
Top of the 8th over - 0 run(s), 1 hit(s), 0 error(s), 1 left on base; Sylvania 0 - Balboa 5 |
BOTTOM OF THE 8TH |
Balboa Buccaneers batting - Pitching for Sylvania Maple Leaves : RHP Paul Nance
|
Batting: LHB Anthony Trigg
|
0-0: Ball 1-0: Ball 2-0: Foul Ball, location: 2F 2-1: SINGLE (Groundball, 4MD)
|
Batting: RHB Louie McNeil
|
0-0: Foul Ball, location: 2F 0-1: Foul Ball, location: 2F 0-2: Strikes out swinging
|
Pitching: RHP Ju-hyung O
|
|
Batting: SHB Chris Cordell
|
0-0: Fly out, F8 (Line Drive, 8LM)
|
Batting: SHB Theodore Buck
|
0-0: Ball 1-0: Ball 2-0: Called Strike 2-1: Foul Ball, location: 2F 2-2: Foul Ball, location: 2F 2-2: Foul Ball, location: 2F 2-2: Ball 3-2: Foul Ball, location: 2F 3-2: Strikes out looking
|
Bottom of the 8th over - 0 run(s), 1 hit(s), 0 error(s), 1 left on base; Sylvania 0 - Balboa 5 |
TOP OF THE 9TH |
Sylvania Maple Leaves batting - Pitching for Balboa Buccaneers : RHP Gunner Hanna
|
Batting: RHB Kenny Norton
|
0-0: Ball 1-0: Ball 2-0: Foul Ball, location: 2F 2-1: Foul Ball, location: 2F 2-2: Fly out, F9 (Flyball, 89S)
|
Batting: SHB Curt Bryant
|
0-0: SINGLE (Line Drive, 6MD)
|
Batting: RHB Nick McKnight
|
0-0: SINGLE (Groundball, 4MD) Curt Bryant to second
|
Batting: RHB Bernardo Márquez
|
0-0: Grounds into double play, 6-4-3 (Groundball, 6)
|
Top of the 9th over - 0 run(s), 2 hit(s), 0 error(s), 1 left on base; Sylvania 0 - Balboa 5 |
|